AoeStats
← GrimTib

Black Forest

507131059Analyzed
4v4 RM · 17d ago on Sep 16, 2026· 46m 14s· 8 players
Game mode
Random Map
Map size
Large (8 player)
Population
200
Speed
Normal
Resources
Standard
Victory
Conquest
Starting age
Dark Age
Ending age
Imperial Age
RankedLock teamsTeams togetherTeam positionsShared explorationLock speedFull tech treeHidden civsTurbo modeCheats
Victory
Defeat
🇫🇷 Franks · France
1183
+14
🇫🇷 Italians · France
1173
+14
🇬🇧 Jurchens · United Kingdom
1166
+14
🇸🇰 Teutons · Slovakia
1142
+15
🇲🇽 Hindustanis · Mexico
1182
-16
🇲🇽 Spanish · Mexico
1127
-14
🇺🇾 Bohemians · Uruguay
1122
-14
🇵🇰 Slavs · Pakistan
1096
-13
rayquaza
0:51 Loom
13:31 Feudal Age
18:30 Castle Age
16:42 Double-Bit Axe
16:56 Stone Mining
17:15 Double-Bit Axe
23:09 Fletching
23:10 Fishing Lines
24:16 Gillnets
27:17 Squires
27:03 Gambesons
29:27 Wheelbarrow
28:38 Town Watch
31:55 Bow Saw
34:29 Hand Cart
34:14 Town Patrol
37:21 Imperial Age
35:33 Stone Shaft Mining
34:49 Gold Mining
35:45 Scale Mail Armor
36:45 Chain Mail Armor
36:40 Forging
38:01 Fortified Wall
38:11 Ballistics
38:08 Horse Collar
39:29 Two-Man Saw
37:56 Man-at-Arms
39:13 Plate Mail Armor
38:58 Long Swordsman
40:15 Iron Casting
40:00 Two-Handed Swordsman
41:22 Champion
44:03 Blast Furnace
45:10 Bodkin Arrow
45:15 Padded Archer Armor
45:56 Scale Barding Armor
46:33 Arson
GrimTib
11:18 Feudal Age
12:16 Double-Bit Axe
12:20 Loom
17:03 Castle Age
16:37 Wheelbarrow
16:44 Forging
16:43 Scale Barding Armor
18:05 Wheelbarrow
21:44 Husbandry
23:43 Bow Saw
24:28 Caravan
26:08 Stone Mining
28:46 Hand Cart
31:58 Iron Casting
31:43 Chain Barding Armor
31:25 Light Cavalry
35:16 Imperial Age
35:29 Cavalier
38:36 Blast Furnace
38:11 Plate Barding Armor
38:23 Paladin
Stratty
0:39 Loom
13:17 Feudal Age
15:29 Wheelbarrow
14:47 Double-Bit Axe
17:30 Castle Age
16:43 Horse Collar
16:57 Gold Mining
20:50 Bow Saw
31:02 Bloodlines
30:52 Husbandry
33:24 Imperial Age
31:10 Forging
31:05 Scale Barding Armor
32:52 Iron Casting
33:39 Elite Iron Pagoda
34:43 Conscription
36:18 Blast Furnace
35:39 Chain Barding Armor
36:41 Caravan
37:11 Elite Steppe Lancer
39:59 Light Cavalry
41:18 Plate Barding Armor
40:44 Scale Mail Armor
41:59 Chemistry
41:20 Ballistics
41:11 Masonry
41:42 Padded Archer Armor
41:33 Fletching
44:14 Leather Archer Armor
43:55 Bodkin Arrow
44:15 Chain Mail Armor
tretts
0:37 Loom
12:43 Feudal Age
13:27 Man-at-Arms
15:52 Arson
17:28 Fletching
25:09 Castle Age
23:53 Horse Collar
24:01 Double-Bit Axe
24:19 Gold Mining
26:16 Bow Saw
25:37 Crossbowman
26:39 Bodkin Arrow
26:46 Padded Archer Armor
34:39 Imperial Age
33:37 Ballistics
33:29 Fishing Lines
35:54 Wheelbarrow
36:23 Chemistry
35:29 Bracer
35:45 Leather Archer Armor
35:57 Thumb Ring
37:15 Pirotechnia
39:51 Conscription
39:28 Elite Skirmisher
41:34 Ring Archer Armor
43:27 Forging
43:23 Scale Barding Armor
44:27 Light Cavalry
45:19 Bloodlines
45:10 Husbandry
[GDL] Wenjie
0:27 Loom
18:06 Feudal Age
20:09 Wheelbarrow
37:49 Castle Age
35:35 Horse Collar
36:21 Gold Mining
36:22 Stone Mining
39:12 Hand Cart
38:49 Double-Bit Axe
38:57 Stone Mining
41:00 Caravan
41:30 Coinage
44:36 Bow Saw
Queondacompa
3:19 Loom
10:36 Feudal Age
11:27 Double-Bit Axe
14:36 Wheelbarrow
17:37 Castle Age
15:29 Horse Collar
18:18 Heavy Plow
18:31 Bow Saw
19:26 Stone Mining
20:44 Gold Mining
25:26 Gold Shaft Mining
31:19 Imperial Age
29:07 Hand Cart
29:24 Town Watch
30:19 Grand Trunk Road
30:25 Caravan
30:36 Squires
30:23 Arson
33:04 Chemistry
32:28 Conscription
32:55 Padded Archer Armor
33:06 Shatagni
33:14 Shatagni
34:10 Leather Archer Armor
39:53 Ring Archer Armor
Gyurkobeats
10:29 Feudal Age
14:45 Castle Age
13:51 Double-Bit Axe
14:04 Horse Collar
16:34 Wheelbarrow
16:07 Loom
23:26 Hand Cart
24:36 Bow Saw
24:36 Heavy Plow
29:05 Imperial Age
26:22 Town Watch
26:50 Pikeman
27:42 Scale Mail Armor
27:52 Forging
27:46 Squires
30:08 Chemistry
29:22 Masonry
29:09 Murder Holes
29:47 Fletching
29:26 Crossbowman
30:11 Houfnice
30:48 Bodkin Arrow
30:55 Padded Archer Armor
31:13 Chain Mail Armor
30:53 Arson
31:14 Arbalester
33:13 Two-Man Saw
33:10 Bracer
34:41 Leather Archer Armor
35:02 Iron Casting
34:27 Halberdier
35:46 Plate Mail Armor
43:02 Blast Furnace
42:33 Ring Archer Armor
Mrr47.
6:01 Loom
11:26 Feudal Age
15:32 Castle Age
13:25 Double-Bit Axe
14:33 Horse Collar
16:07 Scale Mail Armor
16:17 Forging
16:18 Man-at-Arms
19:05 Chain Mail Armor
23:26 Long Swordsman
25:16 Bow Saw
26:09 Squires
27:29 Wheelbarrow
30:00 Gold Mining
33:37 Imperial Age
32:36 Iron Casting
33:38 Two-Handed Swordsman
34:50 Plate Mail Armor
34:51 Detinets
37:05 Capped Ram
39:42 Blast Furnace
38:10 Champion
39:27 Siege Ram
40:36 Caravan
41:40 Heavy Plow
42:46 Scale Barding Armor
43:56 Elite Boyar
45:37 Chain Barding Armor
47:04 Plate Barding Armor
Connection lost

Rejoining the realm…

Still unreachable

The connection could not be restored.

Session expired

The server has moved on; the page needs a fresh start.